 Dungeon Crawl Stone Soup version 0.26-a0-1132-ge9770dfcb6 (webtiles) character file.

Game seed: 9142362097993454270

1294 hehateme the Shooter (level 8, -1/60 HPs)
             Began as a Gnoll Wanderer on Dec 19, 2020.
             Was an Initiate of Gozag.
             Killed from afar by an electric eel (15 damage)
             ... with a bolt of electricity
             ... on level 6 of the Dungeon.
             The game lasted 00:14:55 (6393 turns).

hehateme the Shooter (Gnoll Wanderer)               Turns: 6393, Time: 00:14:56

Health: -1/60      AC: 11    Str: 16    XL:     8   Next: 56%
Magic:  14/14      EV:  8    Int: 14    God:    Gozag
Gold:   584        SH:  0    Dex: 16    Spells: 15/15 levels left

rFire    . . .     SeeInvis .   A - +1 hand axe (venom)
rCold    . . .     Faith    .   (no shield)
rNeg     . . .     Spirit   .   z - +0 chain mail
rPois    .         Reflect  .   (no helmet)
rElec    .         Harm     .   q - +0 cloak
rCorr    .         Rampage  .   (no gloves)
Will     .....                  p - +0 pair of boots
Stlth    ..........             (no amulet)
HPRegen  0.20/turn              (no ring)
MPRegen  0.14/turn              (no ring)

@: no status effects
A: distributed training, fangs 1, strong nose
a: Renounce Religion, Potion Petition, Call Merchant, Bribe Branch


You were on level 6 of the Dungeon.
You worshipped Gozag.
Gozag was pleased with you.
You visited 1 branch of the dungeon, and saw 6 of its levels.

You collected 672 gold pieces.
You paid 88 gold pieces to Gozag.

Inventory:

Hand Weapons
 a - a +2 shortbow
 A - a +1 hand axe of venom (weapon)
Missiles
 b - 95 arrows
 h - 71 sling bullets
 m - 7 boomerangs
 x - 5 poisoned darts
 E - 109 stones (quivered)
 Q - 33 bolts
Armour
 d - a +0 kite shield
 e - a +0 robe
 p - a +0 pair of boots (worn)
 q - a +0 cloak (worn)
 y - a +0 pair of boots
 z - a +0 chain mail (worn)
Wands
 G - a wand of acid (9)
Scrolls
 f - 5 scrolls of identify {unknown}
 g - a scroll of immolation {unknown}
 i - 3 scrolls of amnesia {unknown}
 n - a scroll of magic mapping {unknown}
 o - 2 scrolls of enchant armour {unknown}
 t - 6 scrolls of teleportation
 v - a scroll of random uselessness {unknown}
 w - 3 scrolls of remove curse {unknown}
 D - a scroll of fear {unknown}
 F - a scroll of summoning {unknown}
 H - a scroll of enchant weapon {unknown}
Potions
 c - 3 potions of degeneration {unknown}
 j - 2 potions of ambrosia {unknown}
 k - 3 potions of lignification {unknown}
 l - 2 potions of curing {unknown}
 r - a potion of brilliance {unknown}
 s - 2 potions of berserk rage {unknown}
 u - a potion of haste {unknown}
 B - a potion of attraction {unknown}
 C - 2 potions of might {unknown}


   Skills:
 + Level 4.3 Fighting
 + Level 3.3 Short Blades
 + Level 3.3 Long Blades
 + Level 3.3 Axes
 + Level 3.3 Maces & Flails
 + Level 3.3 Polearms
 + Level 3.3 Staves
 + Level 3.3 Slings
 + Level 7.4 Bows
 + Level 3.3 Crossbows
 + Level 4.3 Throwing
 + Level 4.3 Armour
 + Level 3.3 Dodging
 + Level 3.3 Stealth
 + Level 4.3 Shields
 + Level 3.3 Unarmed Combat
 + Level 4.4 Spellcasting
 + Level 2.7 Conjurations
 + Level 2.7 Hexes
 + Level 2.7 Summonings
 + Level 2.7 Necromancy
 + Level 2.7 Translocations
 + Level 2.7 Transmutations
 + Level 3.5 Fire Magic
 + Level 2.7 Ice Magic
 + Level 2.7 Air Magic
 + Level 3.5 Earth Magic
 + Level 2.7 Poison Magic
 + Level 3.7 Invocations
 + Level 3.3 Evocations


You had 15 spell levels left.
You didn't know any spells.
Your spell library contained the following spells:

 Spells                   Type           Power        Failure   Level
 Magic Dart               Conj           40%          67%         1
 Blink                    Tloc           N/A          82%         2
 Call Imp                 Summ           10%          82%         2
 Slow                     Hex            10%          82%         2
 Conjure Flame            Conj/Fire      11%          94%         3
 Mephitic Cloud           Conj/Pois/Air  10%          96%         3


Dungeon Overview and Level Annotations

Branches:
Dungeon (6/15)
 Temple: D:4-7

Altars:
Ashenzari
Elyvilon
Gozag
Sif Muna
Uskayaw

Annotations:
D:5 exclusion: door


Innate Abilities, Weirdness & Mutations

Your experience applies equally to all skills.
You have very sharp teeth.
Your uncanny sense of smell can sniff out nearby items.


Message History

You take 5 damage, and have 36/60 hp.
The electric eel shoots out a bolt of lightning at you!
The bolt of electricity hits you!
* * * LOW HITPOINT WARNING * * *
You take 10 damage, and have 26/60 hp.
You slash the electric eel!
The electric eel shoots out a bolt of lightning at you!
The bolt of electricity hits you!
* * * LOW HITPOINT WARNING * * *
You take 8 damage, and have 18/60 hp.
You miss the electric eel.
The electric eel shoots out a bolt of lightning at you!
The bolt of electricity hits you.
* * * LOW HITPOINT WARNING * * *
You take 5 damage, and have 13/60 hp.
You miss the electric eel.
The electric eel shoots out a bolt of lightning at you!
The bolt of electricity hits you!
You die...
Your body crumbles into a pile of gold.

## #....#.##.....≈♣≈w...<..... .#
#....#.##....(.≈........... .###
#....#.......(............. ...#
#....#...≈..(.......≈......
...####)...#..≈≈..........≈≈..###
.......)........................
...#######(.......≈≈≈≈≈≈.......#
....# ##...)..≈≈####≈≈......
....## #≈....@;## #≈..... .....##
#♣≈....≈# ≈....
......#####≈.....≈#
..^......##......≈#
########.##......≈≈#
.......#.##.......≈≈≈
######.#.##...........
#.[..#.#.###..≈≈...... #.[#.#.#.#

Skill      XL: |  1  2  3  4  5  6  7  8 |
---------------+-------------------------+-----
Fire Magic     | 2 3 |  3.5
Earth Magic    | 2 3 |  3.5
Invocations    | 1 2 3 |  3.7
Short Blades   | 1 2 3 |  3.3
Long Blades    | 1 2 3 |  3.3
Axes           | 1 2 3 |  3.3
Maces & Flails | 1 2 3 |  3.3
Polearms       | 1 2 3 |  3.3
Staves         | 1 2 3 |  3.3
Slings         | 1 2 3 |  3.3
Crossbows      | 1 2 3 |  3.3
Dodging        | 1 2 3 |  3.3
Stealth        | 1 2 3 |  3.3
Unarmed Combat | 1 2 3 |  3.3
Evocations     | 1 2 3 |  3.3
Spellcasting   | 3 4 |  4.4
Conjurations   | 1 2 |  2.7
Hexes          | 1 2 |  2.7
Summonings     | 1 2 |  2.7
Necromancy     | 1 2 |  2.7
Translocations | 1 2 |  2.7
Transmutations | 1 2 |  2.7
Ice Magic      | 1 2 |  2.7
Air Magic      | 1 2 |  2.7
Poison Magic   | 1 2 |  2.7
Fighting       | 3 4 |  4.3
Throwing       | 3 4 |  4.3
Armour         | 3 4 |  4.3
Shields        | 3 4 |  4.3
Bows           | 7 |  7.4

Notes
Turn   | Place    | Note
-------+----------+-------------------------------------------
     0 | D:1      | hehateme the Gnoll Wanderer began the quest for the Orb.
     0 | D:1      | hehateme set off with the following items: a +2 shortbow, a
                  | +0 kite shield, a +0 robe, a scroll of teleportation, 25
                  | arrows
     0 | D:1      | Reached XP level 1. HP: 17/17 MP: 4/4
    68 | D:1      | Found a broken altar of Ashenzari.
   100 | D:1      | Reached skill level 2 in Fire Magic
   100 | D:1      | Reached skill level 2 in Earth Magic
   108 | D:1      | Reached XP level 2. HP: 23/23 MP: 5/5
   462 | D:1      | Reached XP level 3. HP: 28/28 MP: 7/7
   637 | D:2      | Found a white marble altar of Elyvilon.
   663 | D:2      | Noticed Terence
   796 | D:2      | Reached skill level 1 in Invocations
  1196 | D:2      | Reached skill level 1 in Short Blades
  1196 | D:2      | Reached skill level 1 in Long Blades
  1196 | D:2      | Reached skill level 1 in Axes
  1196 | D:2      | Reached skill level 1 in Maces & Flails
  1196 | D:2      | Reached skill level 1 in Polearms
  1196 | D:2      | Reached skill level 1 in Staves
  1196 | D:2      | Reached skill level 1 in Slings
  1196 | D:2      | Reached skill level 1 in Crossbows
  1196 | D:2      | Reached skill level 1 in Dodging
  1196 | D:2      | Reached skill level 1 in Stealth
  1196 | D:2      | Reached skill level 1 in Unarmed Combat
  1196 | D:2      | Reached skill level 1 in Evocations
  1218 | D:2      | Reached XP level 4. HP: 34/34 MP: 8/8
  1281 | D:2      | Killed Terence
  1282 | D:2      | Reached skill level 3 in Spellcasting
  1417 | D:3      | Reached skill level 1 in Conjurations
  1417 | D:3      | Reached skill level 1 in Hexes
  1417 | D:3      | Reached skill level 1 in Summonings
  1417 | D:3      | Reached skill level 1 in Necromancy
  1417 | D:3      | Reached skill level 1 in Translocations
  1417 | D:3      | Reached skill level 1 in Transmutations
  1417 | D:3      | Reached skill level 1 in Ice Magic
  1417 | D:3      | Reached skill level 1 in Air Magic
  1417 | D:3      | Reached skill level 1 in Poison Magic
  1688 | D:3      | Reached XP level 5. HP: 24/40 MP: 9/9
  1906 | D:3      | Reached skill level 3 in Fighting
  1906 | D:3      | Reached skill level 3 in Throwing
  1906 | D:3      | Reached skill level 3 in Armour
  1906 | D:3      | Reached skill level 3 in Shields
  2430 | D:3      | Noticed a +0 hand axe
  2430 | D:3      | Noticed a +0 hand axe
  2431 | D:3      | Found a hide-covered altar of Uskayaw.
  2870 | D:4      | Reached skill level 2 in Invocations
  2870 | D:4      | Reached XP level 6. HP: 37/47 MP: 10/10
  3038 | D:4      | Reached skill level 2 in Short Blades
  3038 | D:4      | Reached skill level 2 in Long Blades
  3038 | D:4      | Reached skill level 2 in Axes
  3038 | D:4      | Reached skill level 2 in Maces & Flails
  3038 | D:4      | Reached skill level 2 in Polearms
  3038 | D:4      | Reached skill level 2 in Staves
  3038 | D:4      | Reached skill level 2 in Slings
  3038 | D:4      | Reached skill level 2 in Crossbows
  3038 | D:4      | Reached skill level 2 in Dodging
  3038 | D:4      | Reached skill level 2 in Stealth
  3038 | D:4      | Reached skill level 2 in Unarmed Combat
  3038 | D:4      | Reached skill level 2 in Evocations
  3294 | D:4      | Noticed a phantom
  3434 | D:4      | Killed a phantom
  3435 | D:4      | Reached XP level 7. HP: 18/52 MP: 12/12
  3451 | D:4      | Reached skill level 7 in Bows
  3711 | D:4      | Found an opulent altar of Gozag.
  3735 | D:4      | Became a worshipper of Gozag Ym Sagoz the Greedy
  3812 | D:4      | Reached skill level 2 in Conjurations
  3812 | D:4      | Reached skill level 2 in Hexes
  3812 | D:4      | Reached skill level 2 in Summonings
  3812 | D:4      | Reached skill level 2 in Necromancy
  3812 | D:4      | Reached skill level 2 in Translocations
  3812 | D:4      | Reached skill level 2 in Transmutations
  3812 | D:4      | Reached skill level 2 in Ice Magic
  3812 | D:4      | Reached skill level 2 in Air Magic
  3812 | D:4      | Reached skill level 2 in Poison Magic
  3871 | D:4      | Reached skill level 3 in Fire Magic
  3871 | D:4      | Reached skill level 3 in Earth Magic
  3942 | D:5      | Entered Level 5 of the Dungeon
  3959 | D:5      | Reached skill level 3 in Invocations
  4262 | D:5      | Reached skill level 4 in Spellcasting
  4501 | D:5      | Reached XP level 8. HP: 44/60 MP: 14/14
  4735 | D:5      | Reached skill level 4 in Fighting
  4735 | D:5      | Reached skill level 4 in Throwing
  4735 | D:5      | Reached skill level 4 in Armour
  4735 | D:5      | Reached skill level 4 in Shields
  4877 | D:5      | Reached skill level 3 in Short Blades
  4877 | D:5      | Reached skill level 3 in Long Blades
  4877 | D:5      | Reached skill level 3 in Axes
  4877 | D:5      | Reached skill level 3 in Maces & Flails
  4877 | D:5      | Reached skill level 3 in Polearms
  4877 | D:5      | Reached skill level 3 in Staves
  4877 | D:5      | Reached skill level 3 in Slings
  4877 | D:5      | Reached skill level 3 in Crossbows
  4877 | D:5      | Reached skill level 3 in Dodging
  4877 | D:5      | Reached skill level 3 in Stealth
  4877 | D:5      | Reached skill level 3 in Unarmed Combat
  4877 | D:5      | Reached skill level 3 in Evocations
  5235 | D:5      | Found a shimmering blue altar of Sif Muna.
  6392 | D:6      | HP: 13/60 [electric eel/bolt of electricity (5)]
  6393 | D:6      | Killed from afar by an electric eel

Table legend: (Time is in decaauts)
 A = Elapsed time spent in this place.
 B = Non-inter-level travel time spent in this place.
 C = Inter-level travel time spent in this place.
 D = Time resting spent in this place.
 E = Time spent auto-exploring this place.
 F = Levels seen in this place.
 G = Mean time per level.
                   A        B        C        D        E       F      G
               +--------+--------+--------+--------+--------+-----+--------+
         Total |   6433 |   6172 |    261 |   1447 |   3715 |   6 | 1072.2 |
       Dungeon |   6433 |   6172 |    261 |   1447 |   3715 |   6 | 1072.2 |
               +--------+--------+--------+--------+--------+-----+--------+

Top non-repeatable levels by time:
     D:5: 1711 daAuts
     D:3: 1457 daAuts
     D:4: 1345 daAuts
     D:2: 808 daAuts
     D:6: 573 daAuts
     D:1: 538 daAuts

Table legend:
 A = Kills in this place as a percentage of kills in entire the game.
 B = Kills by you in this place as a percentage of kills by you in the entire game.
 C = Kills by friends in this place as a percentage of kills by friends in the entire game.
 D = Other kills in this place as a percentage of other kills in the entire game.
 E = Experience gained in this place as a percentage of experience gained in the entire game.
 F = Experience gained in this place divided by the number of levels of this place that you have seen.
                   A       B       C       D       E      F
               +-------+-------+-------+-------+-------+----------------------
         Total | 100.0 | 100.0 |   N/A |   N/A | 100.0 | 308.2
       Dungeon | 100.0 | 100.0 |   N/A |   N/A | 100.0 | 308.2
               +-------+-------+-------+-------+-------+----------------------

Action                   |  1- 3 |  4- 6 |  7- 9 || total
-------------------------+-------+-------+-------++-------
Melee: Hand axe          |       |   110 |   142 ||   252
       Bite              |       |    10 |    20 ||    30
       Punch             |       |     2 |     4 ||     6
 Fire: Shortbow          |    89 |    67 |       ||   156
Throw: Boomerang         |       |     2 |     9 ||    11
       Stone             |       |       |    75 ||    75
 Stab: Distracted        |       |       |     2 ||     2
Armor: Robe              |     4 |       |       ||     4
       Chain mail        |       |    84 |    89 ||   173
Dodge: Dodged            |    13 |    44 |    65 ||   122

Vanquished Creatures
  A phantom (D:4)
  2 ogres (D:5)
  2 bullfrogs
  A scorpion (D:4)
  A howler monkey (D:4)
  A jelly (D:5)
  A centaur zombie (D:5)
  2 orc priests
  4 hounds
  6 orc wizards
  A bullfrog skeleton (D:4)
  2 iguanas (D:5)
  Terence (D:2)
  3 worker ants
  A hound zombie (D:5)
  A hound skeleton (D:4)
  3 gnolls
  6 adders
  A white imp (D:5)
  An ufetubus (D:6)
  A worm (D:5)
  3 dart slugs
  5 leopard geckos
  11 orcs
  A ball python (D:5)
  3 giant cockroaches
  6 goblins
  15 hobgoblins
  3 jackals
  9 kobolds
  3 quokkas
  9 bats
  7 frilled lizards
  A quokka zombie (D:6)
  5 rats
123 creatures vanquished. You could see an electric eel.

Levels and vault maps discovered:
D:1:      wander_arrival_peaceful_grave, layout_loops_ring,
          minmay_misc_feat_five, ashenzari_altar_1
D:2:      layout_basic, elyvilon_altar_4, uniq_terence
D:3:      layout_loops_corners, dancing_weapons_uskayaw,
          chequers_serial_rivers_micro_c
D:4:      layout_rooms, grunt_gozag_statues
D:5:      layout_gridville, led_sif_book
D:6:      layout_basic, overflow_temple_1_default, kennysheep_decorative_pillar,
          corexii_corridor_pit, minivault_5, sigmund_army
